 Dungeon Crawl Stone Soup version 0.28-a0-1236-gb25a51b929 (webtiles) character file.

Game seed: 14190723544972025540

1362 lunkers the Summoner (level 8, 0/34 HPs)
             Began as a Felid Summoner on Dec 11, 2021.
             Slain by a gnoll (5 damage)
             ... on level 7 of the Dungeon on Dec 25, 2021.
             The game lasted 00:31:08 (12996 turns).

lunkers the Summoner (Felid Summoner)              Turns: 12996, Time: 00:31:08

Health: 0/34       AC:  2    Str:  4    XL:     8   Next: 37%
Magic:  24/26      EV: 17    Int: 21    God:
Gold:   389        SH:  0    Dex: 16    Spells: 5/18 levels left
                                        Lives:  0   Deaths: 2

rFire   . . .      SeeInvis +   (weapon unavailable)
rCold   . . .      Faith    .   (shield unavailable)
rNeg    . . .      Spirit   .   (armour unavailable)
rPois   .          Reflect  .   (helmet unavailable)
rElec   .          Harm     .   (cloak unavailable)
rCorr   .          Rampage  .   (gloves unavailable)
Will    ++...                   (boots unavailable)
Stlth   ++........              (no amulet)
HPRegen 0.11/turn               a - ring of magical power
MPRegen 0.20/turn               c - ring of willpower

@: quick
A: very small, claws 1, fangs 3, see invisible, speed 1, shaggy fur 2, stealthy
paws, no weapons or thrown items, no armour, multi-lived
a: no special abilities


You were on level 7 of the Dungeon.
You visited 2 branches of the dungeon, and saw 8 of its levels.

You collected 389 gold pieces.

Inventory:

Jewellery
 a - a ring of magical power (left paw)
 c - a ring of willpower (right paw)
 g - a ring of flight
Scrolls
 d - a scroll of holy word
 e - 3 scrolls of teleportation
 j - a scroll of enchant armour {unknown}
 k - a scroll of identify
 l - a scroll of fog {unknown}
 m - a scroll of fear {unknown}
Potions
 b - 2 potions of might
 f - a potion of brilliance
 h - a potion of curing
 i - a potion of flight {unknown}


   Skills:
 - Level 2.8 Fighting
 - Level 2.6 Dodging
 - Level 2.6 Stealth
 + Level 5.8 Spellcasting
 - Level 8.6 Summonings
 * Level 7.5 Air Magic


You had 5 spell levels left.
You knew the following spells:

 Your Spells              Type           Power      Damage    Failure   Level
b - Call Imp              Summ           42%        N/A       1%          2
c - Call Canine Familiar  Summ           42%        N/A       1%          3
d - Summon Lightning Spi  Summ/Air       40%        N/A       3%          4
e - Summon Guardian Gole  Hex/Summ       24%        N/A       4%          3
p - Summon Small Mammal   Summ           100%       N/A       1%          1

Your spell library contained the following spells:

 Spells                   Type           Power      Damage    Failure   Level
 Animate Skeleton         Necr           12%        N/A       10%         1
 Apportation              Tloc           12%        N/A       10%         1
 Ensorcelled Hibernation  Hex/Ice        12%        N/A       16%         2
 Conjure Flame            Conj/Fire      6%         6-21      30%         3
 Ignite Poison            Fire/Tmut/Pois 6%         N/A       30%         3
 Tukima's Dance           Hex            6%         N/A       30%         3
 Sticky Flame             Conj/Fire      6%         2d3       69%         4
 Alistair's Intoxication  Tmut/Pois      4%         N/A       95%         5


Dungeon Overview and Level Annotations

Branches:
Dungeon (7/15)             Temple (1/1) D:5

Altars:
Ashenzari
Cheibriados
Dithmenos
Elyvilon
Fedhas
Hepliaklqana
Kikubaaqudgha
Nemelex Xobeh
Okawaru
Sif Muna
Trog
Vehumet
Wu Jian
Xom
Yredelemnul
Zin
The Shining One

Shops:
D:3 [

Annotations:
D:5 3 runed translucent doors, ragingrage's ghost, novice GrWr
D:6 3 runed translucent doors, jasper's ghost, novice DsCA


Innate Abilities, Weirdness & Mutations

You have sharp claws.
You have razor-sharp teeth.
You have supernaturally acute eyesight. (SInv)
You cover ground quickly. (Speed+)
You are covered in thick fur. (AC +2)
Your paws help you pounce on unaware monsters.
You are incapable of wielding weapons or throwing items.
You cannot wear armour.
You gain extra lives every three experience levels.


Message History

The gnoll shaman calls down the wrath of its god upon you.
You resist with almost no effort.
You scratch the gnoll.
The gnoll is lightly wounded.
Your hound bites the gnoll.
The gnoll barely misses your hound. The gnoll closely misses you.
You scratch the gnoll.
The gnoll is moderately wounded.
Your hound bites the gnoll.
The gnoll dies!
You scratch the gnoll.
The gnoll is heavily wounded.
Your hound completely misses the gnoll.
The howler monkey zombie barely misses your hound.
The gnoll barely misses you.
Your hound bites the gnoll.
You scratch the gnoll.
The gnoll is severely wounded.
The gnoll closely misses your hound. The gnoll hits you with a +0 flail!
The gnoll hits you with a +0 whip!
* * * LOW HITPOINT WARNING * * *
Your hound bites the gnoll.
The gnoll shaman calls upon its god to speed up the gnoll.
The gnoll seems to speed up.
The gnoll hits your guardian golem with a +0 flail!
The howler monkey zombie hits your hound.
Something closely misses your hound.
Your hound bites the howler monkey zombie.
Something barely misses your guardian golem.
Your hound bites the howler monkey zombie.
The howler monkey zombie hits your hound.
The gnoll shaman hits you with a +0 whip!
* * * LOW HITPOINT WARNING * * *
The gnoll hits your guardian golem with a +0 club.
Your hound bites the gnoll.
The gnoll hits you with a +0 whip.
* * * LOW HITPOINT WARNING * * *
The gnoll shaman calls upon its god to heal the gnoll.
The gnoll's wounds heal themselves!
The gnoll hits you with a +0 whip.
You die...

)รท.......#........[.+....#.......
.........#....###'###..###..####.
.........#....##...##..###..#####
.........#.......................
.........#.......................
.........#.......................
####'#####.......................
#.......#........................
#.......#.......@g...............
#.......#........g..g............
#####'####....##...##..###..##.##
....h....#.... ######..###..##.#
.........#.... ....#.g...#.....#
.........#(... ....#.....'.....#
.........#.... ... #.....#.....#.
.........#...> .. #....########.
.........#....#. ##.h.#........


You could see a gnoll shaman and 2 gnolls.

Vanquished Creatures
  Eustachio (D:6)
  A water moccasin (D:6)
  A scorpion (D:6)
  A bullfrog zombie (D:5)
  A hound (D:7)
  2 orc wizards (D:5)
  2 adders
  2 dart slugs
  3 orcs
  3 bats
  An endoplasm (D:4)
  A giant cockroach (D:3)
  2 goblins
  A quokka (D:1)
  6 ball pythons
  2 frilled lizards
  2 kobolds
  4 rats
36 creatures vanquished.

Vanquished Creatures (collateral kills)
  A water moccasin (D:5)
  An ice beast (D:5)
  3 necrophages
  An ogre (D:6)
  2 phantoms
  A bullfrog (D:7)
  A kobold brigand (D:7)
  Blork the orc (D:6)
  A scorpion (D:4)
  A wyvern zombie (D:7)
  4 wights (D:7)
  A centaur zombie (D:6)
  A bullfrog zombie (D:6)
  A jelly (D:7)
  3 gnoll shamans
  An orc priest (D:5)
  2 centaur skeletons (D:7)
  3 hounds
  Ijyb (D:3)
  Terence (D:3)
  An iguana (D:3)
  6 orc wizards
  17 gnolls
  A howler monkey skeleton (D:7)
  A howler monkey zombie (D:6)
  5 adders
  A shadow imp (D:5)
  An ufetubus (D:4)
  10 orcs
  2 bats
  4 endoplasms
  2 giant cockroaches
  5 hobgoblins
  5 quokkas
  2 ball pythons
  A frilled lizard (D:1)
  4 goblins
  A kobold (D:1)
  7 rats
107 creatures vanquished.

Vanquished Creatures (others)
  A manticore (D:6)
  An orc (D:5)
  5 fungi (D:1)
  10 plants (D:1)
17 creatures vanquished.

Grand Total: 160 creatures vanquished

Notes
Turn   | Place    | Note
-------+----------+-------------------------------------------
     0 | D:1      | lunkers the Felid Summoner began the quest for the Orb.
     0 | D:1      | Reached XP level 1. HP: 7/7 MP: 4/4
   485 | D:1      | Reached XP level 2. HP: 9/11 MP: 3/6
   497 | D:1      | Learned a level 2 spell: Call Imp
   955 | D:1      | Found a faded altar of an unknown god.
  1635 | D:2      | Reached skill level 5 in Summonings
  1636 | D:2      | Reached XP level 3. HP: 14/14 MP: 2/7
  1640 | D:2      | Learned a level 3 spell: Call Canine Familiar
  2911 | D:3      | Reached XP level 4. HP: 18/18 MP: 8/8
  3375 | D:3      | Noticed Ijyb
  3438 | D:3      | Reached skill level 1 in Fighting
  3795 | D:3      | Killed Ijyb
  3796 | D:3      | Reached skill level 6 in Summonings
  3796 | D:3      | Reached XP level 5. HP: 22/22 MP: 9/9
  4121 | D:3      | Found Ucsi's Antique Armour Shop.
  4441 | D:3      | Noticed Terence
  4515 | D:3      | Killed Terence
  4668 | D:3      | Found a blossoming altar of Fedhas.
  5387 | D:4      | Found a sparkling altar of Nemelex Xobeh.
  5745 | D:4      | Found a snail-covered altar of Cheibriados.
  5795 | D:4      | Gained mutation: You are covered in thick fur. (AC +2)
                  | [Felid growth]
  5795 | D:4      | Reached XP level 6. HP: 27/27 MP: 10/11
  5811 | D:4      | Learned a level 4 spell: Summon Lightning Spire
  6148 | D:5      | Entered Level 5 of the Dungeon
  6171 | D:5      | Found a staircase to the Ecumenical Temple.
  6174 | D:5      | Found a glowing golden altar of the Shining One.
  6178 | Temple   | Entered the Ecumenical Temple
  6575 | D:5      | Reached skill level 1 in Air Magic
  6929 | D:5      | Hit by a javelin thrown by an orc
  6930 | D:5      | Reached XP level 5. HP: -4/24 MP: 14/19
  7364 | D:5      | Reached XP level 6. HP: 18/27 MP: 11/11
  7554 | D:5      | Found a runed translucent gate.
  7555 | D:5      | Found a runed translucent gate.
  7556 | D:5      | Found a runed translucent gate.
  7557 | D:5      | Noticed ragingrage's ghost (novice GrWr)
  7633 | D:5      | Reached skill level 7 in Summonings
  8203 | D:5      | Noticed a water moccasin
  8216 | D:5      | Killed a water moccasin
  8217 | D:5      | Reached XP level 7. HP: 3/30 MP: 13/13
  8874 | D:6      | Noticed jasper's ghost (novice DsCA)
  8892 | D:6      | Found a runed translucent gate.
  8892 | D:6      | Found a runed translucent gate.
  8894 | D:6      | Found a runed translucent gate.
  9010 | D:6      | Noticed Eustachio
  9287 | D:6      | Found a radiant altar of Vehumet.
  9346 | D:6      | Found an ancient bone altar of Kikubaaqudgha.
 10049 | D:6      | Killed Eustachio
 10050 | D:6      | Reached XP level 8. HP: 21/34 MP: 15/15
 10196 | D:6      | Reached skill level 5 in Air Magic
 10536 | D:6      | Got Kikubaaqudgha's Compendium of Dark Rituals
 10543 | D:6      | Found a shimmering blue altar of Sif Muna.
 10690 | D:6      | Noticed a manticore
 11083 | D:5      | Learned a level 3 spell: Summon Guardian Golem
 11345 | D:6      | Reached skill level 8 in Summonings
 11906 | D:6      | Noticed Blork the orc
 11921 | D:6      | Killed Blork the orc
 11922 | D:6      | Reached skill level 5 in Spellcasting
 12037 | D:6      | Killed a manticore
 12038 | D:6      | Reached XP level 9. HP: 37/37 MP: 17/18
 12316 | D:7      | Upgraded the game from 0.28-a0-1087-gf3fc490d9d to
                  | 0.28-a0-1236-gb25a51b929
 12779 | D:7      | HP: 1/37 [centaur/arrow (11)]
 12790 | D:7      | Shot with an arrow by a centaur
 12791 | D:7      | Reached XP level 8. HP: -10/34 MP: 25/26
 12996 | D:7      | Slain by a gnoll

Illustrated notes

Levels and vault maps discovered:
D:1:      lemuel_arrival_room, layout_rooms,
          shapermc_ecumenical_altar_mp_urbaneastern
D:2:      minmay_alternating_diamond, layout_basic, minmay_pentomino_v2
D:3:      layout_loops_corners, mainiacjoe_overflow_small_starburst,
          serial_shops, shop, minivault_27, serial_bayou_pond_c, uniq_ijyb,
          uniq_terence
D:4:      layout_loops_corners, cheibriados_altar_1, nemelex_dance_club_becter
D:5:      nicolae_BIG_FREAKIN_CUBE, layout_basic, overflow_temple_1_default,
          gammafunk_ghost_necromancy
D:6:      layout_gridville, palyth_temple_overflow_mages, gammafunk_ghost_split,
          minmay_chambers_of_fives, uniq_eustachio, uniq_blork_the_orc
D:7:      layout_gridville, mainiacjoe_overflow_tiny_flanked,
          minmay_statues_item, minmay_manual_mail
Temple:   cyrus_temple_forest

Skill      XL: |  1  2  3  4  5  6  7  8  9 |
---------------+----------------------------+-----
Summonings     | 5 6 7 8 |  8.6
Fighting       | 1 2 |  2.8
Spellcasting   | 3 4 5 |  5.8
Air Magic      | 3 4 6 7 |  7.5
Dodging        | |  2.6
Stealth        | |  2.6

Action                   |  1- 3 |  4- 6 |  7- 9 || total
-------------------------+-------+-------+-------++-------
Melee: Unarmed           |    67 |    80 |    77 ||   224
       Bite              |     3 |     4 |     7 ||    14
 Cast: Summon Small Mamm |    18 |       |       ||    18
       Call Imp          |     8 |       |     1 ||     9
       Call Canine Famil |     6 |    72 |    55 ||   133
       Summon Guardian G |       |       |    17 ||    17
       Summon Lightning  |       |       |     9 ||     9
  Use: Scroll            |     3 |     4 |     2 ||     9
       Potion            |     1 |       |     1 ||     2
 Stab: Sleeping          |     2 |     3 |     1 ||     6
       Distracted        |       |     1 |     1 ||     2
Armor: Skin              |    13 |     3 |     8 ||    24
Dodge: Dodged            |    74 |    97 |    99 ||   270

Table legend: (Time is in decaauts)
 A = Elapsed time spent in this place.
 B = Non-inter-level travel time spent in this place.
 C = Inter-level travel time spent in this place.
 D = Time resting spent in this place.
 E = Time spent auto-exploring this place.
 F = Levels seen in this place.
 G = Mean time per level.
                   A        B        C        D        E       F      G
               +--------+--------+--------+--------+--------+-----+--------+
         Total |  11794 |  11436 |    358 |   2062 |   6858 |   8 | 1474.2 |
       Dungeon |  11699 |  11370 |    329 |   2062 |   6815 |   7 | 1671.3 |
        Temple |     95 |     66 |     29 |      0 |     42 |   1 |   95.0 |
               +--------+--------+--------+--------+--------+-----+--------+

Top non-repeatable levels by time:
     D:5: 3062 daAuts
     D:3: 1977 daAuts
     D:4: 1724 daAuts
     D:6: 1721 daAuts
     D:2: 1416 daAuts
     D:1: 1033 daAuts
     D:7: 764 daAuts
  Temple: 95 daAuts
